Map: Seeds of Aiur

Players

Kewl - Winner!

  • Race: Protoss Protoss
  • Spawn Location: 7:00

pta - Winner!

  • Race: Zerg Zerg
  • Spawn Location: 7:00

A.I. 2 (Very Hard)

  • Race: Protoss Protoss
  • Spawn Location: 1:00

A.I. 3 (Harder)

  • Race: Protoss Protoss
  • Spawn Location: 1:00

VOD

Have the link to the VOD?

Description

Time

  • Played on: April 20, 2019, 5:13 p.m.
  • Length: 17:11
Show
View Real Time Build Order
Export as new Build Order

Kewl Protoss - Winner!

Build Orders:  

Get SALT Encoding   

  1  0:00  Probe  
  12  0:06  Probe  
  14  0:16  Probe  
  15  0:28  Pylon  
  15  0:46  Probe  
  16  0:57  Probe  
  16  0:58  Pylon  
  17  1:05  Probe  
  18  1:14  Nexus  
  18  1:24  Assimilator  
  18  1:31  Forge  
  18  1:43  Gateway  
  18  1:51  Probe  
  19  2:03  Probe  
  20  2:17  Photon Cannon  
  20  2:19  Assimilator  
  20  2:22  Photon Cannon  
  20  2:26  Photon Cannon  
  20  2:29  Probe  
  21  2:37  Zealot  
  21  2:39  Probe  
  21  2:40  Probe  
  25  2:47  Probe  
  25  2:48  Probe  
  25  2:56  Probe  
  27  3:04  Zealot  
  30  3:07  Probe  
  31  3:15  Pylon  
  32  3:20  Probe  
  32  3:24  Probe  
  32  3:29  Pylon  
  32  3:31  Zealot  
  32  3:32  Probe x2  
  37  3:42  Probe x2  
  37  3:43  Photon Cannon  
  37  3:47  Photon Cannon  
  39  3:50  Probe  
  40  4:03  Zealot  
  42  4:16  Cybernetics Core  
  42  4:19  Pylon  
  42  4:20  Probe, Protoss Shields Level 1  
  43  4:28  Photon Cannon  
  43  4:30  Probe  
  43  4:32  Zealot  
  46  4:38  Probe  
  47  4:46  Probe  
  47  4:48  Photon Cannon  
  47  4:52  Pylon  
  48  4:54  Assimilator  
  48  4:58  Probe  
  48  4:59  Assimilator  
  49  5:07  Photon Cannon x2  
  49  5:10  Probe  
  50  5:23  Probe  
  50  5:24  Twilight Council  
  50  5:27  Stargate  
  51  5:33  Nexus  
  51  5:35  Probe  
  52  5:39  Photon Cannon  
  52  5:44  Pylon  
  52  5:47  Probe  
  52  5:50  Charge  
  52  5:55  Probe  
  53  5:58  Zealot  
  56  6:15  Fleet Beacon  
  56  6:23  Stargate  
  56  6:25  Stargate  
  56  6:28  Protoss Shields Level 2  
  56  6:33  Photon Cannon  
  56  6:34  Photon Cannon  
  56  6:43  Photon Cannon  
  56  6:45  Photon Cannon  
  56  6:46  Probe, Photon Cannon  
  56  6:54  Probe  
  54  7:16  Zealot  
  56  7:24  Stargate  
  56  7:31  Tempest x2  
  66  7:38  Probe  
  66  7:40  Protoss Air Weapons Level 1  
  66  7:43  Zealot  
  69  7:46  Probe  
  69  7:50  Assimilator  
  70  7:54  Assimilator  
  70  7:55  Probe  
  71  7:59  Photon Cannon  
  71  8:01  Photon Cannon  
  71  8:04  Probe, Photon Cannon  
  71  8:10  Zealot  
  71  8:12  Probe  
  74  8:16  Tempest  
  80  8:22  Probe  
  81  8:33  Tempest  
  86  8:34  Probe, Tempest  
  86  8:38  Zealot  
  94  8:43  Pylon  
  94  8:45  Pylon  
  94  8:46  Probe, Pylon  
  94  8:48  Pylon  
  95  8:49  Pylon  
  95  8:52  Pylon  
  95  8:59  Tempest  
  100  9:05  Zealot  
  100  9:09  Protoss Shields Level 3  
  102  9:20  Probe  
  103  9:28  Probe  
  103  9:37  Tempest  
  103  9:38  Probe, Protoss Air Armor Level 1  
  109  9:41  Zealot  
  109  9:44  Tempest  
  113  10:08  Zealot  
  101  10:19  Tempest  
  101  10:20  Tempest  
  111  10:35  Zealot  
  106  10:52  Probe  
  106  10:53  Nexus  
  107  11:00  Probe  
  107  11:01  Tempest  
  107  11:02  Tempest x2, Zealot  
  107  11:03  Tempest  
  129  11:09  Probe  
  131  11:21  Probe  
  132  11:27  Pylon  
  132  11:29  Zealot  
  132  11:31  Pylon  
  134  11:33  Probe  
  135  11:44  Tempest x2  
  135  11:45  Tempest  
  150  11:50  Protoss Air Weapons Level 2  
  150  11:55  Tempest  
  147  13:03  Tempest x3  
  147  13:05  Zealot  
  164  13:08  Probe  
  165  13:16  Probe  
  165  13:21  Protoss Ground Weapons Level 1  
  165  13:26  Probe  
  166  13:32  Zealot  
  169  13:36  Probe  
  170  13:47  Tempest x2  
  180  13:52  Pylon  
  180  13:54  Pylon  
  180  14:09  Tempest, Pylon  
  180  14:10  Probe, Zealot  
  180  14:12  Tempest  
  193  14:22  Probe  
  193  14:23  Protoss Air Armor Level 2  
  194  14:34  Probe  
  194  14:37  Zealot  
  197  14:42  Probe  
  197  14:43  Assimilator  
  197  14:45  Assimilator  
  197  14:50  Probe  
  199  15:00  Probe  
  199  15:04  Zealot  
  200  15:12  Probe  
  197  15:56  Probe  
  198  16:08  Probe  
Show
View Real Time Build Order
Export as new Build Order

pta Zerg - Winner!

Build Orders: Pool First, Lurkers 

Get SALT Encoding   

  12  0:01  Drone  
  13  0:33  Spawning Pool  
  13  0:35  Drone x2  
  14  0:41  Extractor  
  14  0:42  Extractor  
  12  0:45  Overlord  
  12  0:50  Drone  
  12  0:57  Drone  
  14  1:12  Drone  
  16  1:25  Drone  
  16  1:39  Roach Warren  
  15  1:46  Lair  
  15  1:49  Drone x2  
  17  1:59  Drone  
  18  2:16  Hatchery  
  17  2:24  Drone  
  17  2:25  Drone x2  
  20  2:37  Drone  
  21  2:47  Overlord  
  21  2:58  Overlord  
  21  3:05  Queen  
  23  3:14  Drone  
  24  3:22  Hydralisk Den  
  23  3:36  Drone  
  23  3:39  Drone x2  
  26  3:42  Drone  
  27  3:51  Drone  
  27  3:55  Grooved Spines  
  28  3:56  Glial Reconstitution  
  28  3:58  Metabolic Boost  
  28  4:04  Queen  
  28  4:06  Overlord  
  30  4:13  Drone x2  
  32  4:28  Drone  
  32  4:30  Drone x3  
  36  4:57  Drone x3  
  39  5:02  Extractor  
  39  5:04  Drone x3  
  39  5:05  Extractor  
  39  5:06  Muscular Augments  
  40  5:24  Roach x5  
  40  5:26  Overlord x2  
  50  5:34  Spine Crawler  
  49  5:35  Spine Crawler  
  49  5:37  Spine Crawler  
  49  5:39  Spine Crawler  
  46  5:44  Overlord x2  
  46  5:45  Drone x2  
  46  5:46  Drone  
  49  6:11  Overseer  
  49  6:16  Evolution Chamber  
  49  6:17  Drone x2  
  49  6:18  Drone  
  51  6:19  Evolution Chamber x2  
  51  6:20  Drone x3  
  52  6:37  Drone  
  53  6:47  Zerg Melee Weapons Level 1, Zerg Ground Armor Level 1, Zerg Missile Weapons Level 1  
  53  7:13  Roach x5  
  53  7:14  Roach x7  
  77  7:27  Spine Crawler  
  77  7:28  Spine Crawler  
  75  7:32  Drone  
  75  7:34  Drone  
  77  7:53  Lurker Den  
  77  7:55  Hydralisk x4  
  84  8:01  Overlord x4  
  84  8:12  Overseer  
  84  8:13  Overseer  
  84  8:58  Hatchery  
  83  10:15  Hydralisk x6  
  83  10:16  Hydralisk x8  
  83  10:17  Hydralisk x2  
  73  10:51  Lurker x2  
  73  10:53  Lurker x2  
  77  11:00  Zerg Ground Armor Level 2, Zerg Missile Weapons Level 2, Zerg Melee Weapons Level 2  
  77  11:05  Drone x3  
  80  11:38  Hydralisk x4  
  80  11:39  Hydralisk x2  
  92  12:02  Extractor  
  92  12:03  Extractor, Drone  
  92  12:04  Queen, Drone x2  
  95  12:32  Zergling x12  
  95  12:33  Zergling x12  
  87  13:21  Hydralisk x5  
  87  13:22  Hydralisk x4  
  87  13:24  Overlord x2  
  87  13:25  Overlord x2  
  100  14:12  Hydralisk x7  
  100  14:13  Hydralisk x2  
  98  14:55  Hydralisk x5  
  98  14:56  Hydralisk x7  
  118  15:14  Zergling x4  
  111  15:57  Hydralisk x7  
  111  15:58  Hydralisk  
  111  15:59  Zergling x8  
Show
View Real Time Build Order
Export as new Build Order

A.I. 2 (Very Hard) Protoss 

Build Orders: Zealot Archon 

Get SALT Encoding   

  12  0:01  Probe  
  13  0:13  Probe  
  14  0:22  Pylon  
  14  0:25  Probe  
  15  0:36  Probe  
  16  0:44  Probe  
  16  0:48  Assimilator  
  17  0:51  Gateway  
  17  0:53  Probe  
  18  1:00  Pylon  
  18  1:01  Probe  
  18  1:09  Probe  
  20  1:20  Probe  
  21  1:32  Probe  
  22  1:38  Zealot  
  24  1:43  Cybernetics Core  
  24  1:44  Probe  
  25  2:02  Nexus  
  25  2:13  Gateway  
  25  2:16  Zealot  
  25  2:24  Pylon  
  25  2:28  Probe  
  28  2:31  Warp Gate  
  28  2:40  Probe, Assimilator  
  29  2:48  Adept  
  31  2:52  Probe  
  31  2:53  Adept  
  32  3:04  Probe  
  35  3:06  Pylon  
  35  3:12  Probe  
  35  3:15  Probe  
  35  3:18  Adept  
  39  3:27  Probe  
  39  3:29  Gateway  
  39  3:33  Probe  
  41  3:38  Adept  
  41  3:40  Probe  
  44  3:45  Probe  
  45  3:51  Adept  
  45  3:52  Probe  
  48  3:57  Probe  
  48  4:00  Adept  
  49  4:04  Probe  
  49  4:09  Probe  
  53  4:12  Probe  
  53  4:15  Pylon  
  54  4:20  Probe  
  54  4:22  Probe  
  54  4:23  Adept  
  57  4:28  Pylon  
  57  4:29  Stalker  
  60  4:34  Probe  
  60  4:36  Probe  
  60  4:37  Stalker  
  64  4:44  Stalker  
  66  4:45  Twilight Council  
  66  4:46  Probe  
  66  4:48  Probe  
  68  4:54  Pylon  
  68  4:55  Stalker  
  68  4:58  Probe  
  71  5:00  Probe, Stalker  
  74  5:07  Sentry  
  74  5:12  Probe  
  74  5:13  Probe  
  77  5:16  Pylon  
  78  5:25  Templar Archives  
  78  5:26  Assimilator  
  78  5:30  Assimilator  
  78  5:34  Zealot  
  80  5:38  Pylon  
  80  5:41  Zealot  
  82  5:44  Zealot  
  82  5:48  Probe  
  82  5:49  Probe  
  86  5:54  Zealot  
  88  6:01  Probe, Pylon, Stalker  
  88  6:02  Probe  
  92  6:04  Zealot  
  94  6:14  High Templar  
  96  6:19  Gateway  
  96  6:22  Robotics Facility  
  96  6:23  High Templar  
  96  6:24  Stalker  
  100  6:26  Pylon  
  100  6:36  Archon  
  100  6:45  Zealot  
  100  6:46  High Templar  
  104  6:47  Zealot  
  104  6:52  Pylon  
  106  6:59  Pylon  
  106  7:05  Stalker  
  106  7:07  Zealot  
  110  7:08  Nexus, Forge  
  110  7:10  Observer  
  110  7:12  Gateway  
  110  7:13  Sentry  
  113  7:17  Psionic Storm  
  113  7:18  High Templar  
  115  7:24  Pylon  
  115  7:27  Zealot  
  115  7:28  Zealot  
  119  7:32  High Templar  
  119  7:33  Archon  
  121  7:41  Zealot  
  123  7:45  Forge  
  123  7:47  Zealot  
  123  7:48  Pylon  
  123  7:51  High Templar  
  127  7:58  Stalker  
  127  8:00  Photon Cannon  
  127  8:01  Zealot  
  131  8:05  Archon  
  131  8:06  High Templar  
  131  8:07  Zealot  
  131  8:09  Pylon  
  135  8:20  Probe, Pylon  
  135  8:21  Zealot x2  
  135  8:22  Probe x2  
  135  8:23  Stalker  
  144  8:27  Zealot  
  144  8:28  Probe  
  144  8:31  Probe  
  144  8:32  Assimilator  
  147  8:34  Probe, High Templar  
  147  8:35  Pylon  
  147  8:36  Probe  
  147  8:39  Sentry  
  154  8:42  Zealot  
  154  8:43  Assimilator  
  154  8:44  Probe  
  154  8:46  Probe, High Templar, Archon  
  154  8:48  Probe  
  161  8:49  Warp Prism  
  163  8:56  Probe  
  163  9:00  Probe, High Templar, Pylon  
  163  9:02  Probe  
  168  9:08  Probe  
  169  9:12  Probe  
  169  9:14  Probe  
  169  9:15  High Templar, Archon  
  173  9:20  Probe  
  174  9:24  Probe, Pylon  
  174  9:25  Observer, High Templar  
  178  9:47  Immortal  
  178  9:49  Photon Cannon  
  182  10:10  Zealot  
  182  10:13  Photon Cannon  
  182  10:15  Zealot  
  182  10:16  Immortal, Zealot  
  182  10:17  Zealot  
  182  10:19  Zealot  
  182  10:20  Pylon  
  164  10:25  Stargate  
  139  10:29  High Templar  
  139  10:35  Zealot  
  119  10:36  Zealot  
  119  10:38  Zealot  
  119  10:39  Stalker  
  106  10:52  High Templar, Zealot  
  106  10:55  Adept, Observer  
  106  10:57  Sentry  
  115  10:59  Photon Cannon  
  115  11:02  High Templar, Photon Cannon  
  117  11:08  Void Ray  
  117  11:11  Immortal  
  117  11:12  Adept  
  117  11:14  Archon  
  117  11:15  High Templar  
  129  11:19  Stalker  
  129  11:21  Zealot  
  129  11:22  Archon  
  129  11:24  Nexus  
  133  11:32  Zealot  
  134  11:35  Stalker  
  136  11:41  High Templar  
  136  11:44  Void Ray, Stalker  
  136  11:46  Zealot  
  142  11:48  Sentry  
  142  11:54  Archon  
  148  11:57  Stalker  
  148  12:00  Assimilator  
  150  12:04  Zealot  
  150  12:07  Zealot  
  149  12:10  Zealot  
  149  12:13  High Templar  
  153  12:20  High Templar  
  155  12:24  Zealot  
  155  12:27  Void Ray, Zealot  
  155  12:29  Warp Prism  
  165  12:31  Zealot  
  161  12:38  Probe x2  
  161  12:42  Zealot  
  153  12:45  Zealot  
  153  12:46  Zealot, Sentry  
  153  12:51  Zealot  
  125  12:55  Stalker  
  99  12:59  Assimilator  
  99  13:00  Stalker  
  99  13:01  Zealot  
  99  13:02  Assimilator  
  98  13:05  Adept  
  98  13:06  Observer  
  98  13:10  Void Ray  
  98  13:11  Zealot  
  91  13:13  Probe  
  91  13:17  Zealot  
  93  13:20  Probe, Adept  
  93  13:21  Sentry  
  93  13:24  Probe, Observer  
  93  13:25  Probe  
  93  13:26  Stalker  
  94  13:31  Zealot  
  94  13:32  Probe  
  87  13:35  Probe  
  87  13:37  Probe  
  87  13:38  Warp Prism, Sentry  
  87  13:40  Zealot  
  88  13:43  Probe  
  88  13:44  Probe, Zealot  
  94  13:49  Stalker  
  94  13:50  Probe  
  94  13:51  Zealot  
  94  13:53  Void Ray, Zealot  
  94  13:54  Probe  
  105  13:56  Probe  
  105  14:01  Zealot  
  105  14:02  Probe  
  102  14:04  Stalker  
  102  14:07  Probe  
  102  14:08  Probe  
  97  14:12  Zealot x2  
  97  14:13  Zealot  
  97  14:14  Probe  
  94  14:19  Probe  
  94  14:21  Adept  
  85  14:27  Stalker  
  85  14:29  Probe  
  81  14:35  Sentry  
  81  14:36  Probe, Void Ray  
  81  14:38  Adept  
  85  14:39  Probe  
  85  14:41  Probe  
  85  14:44  Probe  
  86  14:47  Zealot  
  86  14:51  Zealot  
  87  14:53  Probe  
  87  14:55  Probe x2  
  87  14:56  Nexus  
  83  15:04  Adept, Assimilator  
  83  15:05  Probe, Stalker  
  75  15:07  Probe x2  
  75  15:11  Sentry  
  73  15:19  Probe  
  66  15:21  Probe  
  66  15:23  Probe  
  66  15:24  Zealot  
  70  15:28  Zealot  
  70  15:31  Probe  
  70  15:33  Probe  
  70  15:34  Zealot  
  75  15:35  Probe  
  75  15:40  Probe  
  62  15:44  Probe, Pylon, Zealot  
  62  15:48  Probe x2, Stalker  
  73  15:52  Probe  
  73  15:54  Zealot  
  77  16:04  Sentry  
  66  16:06  Pylon  
  57  16:11  Zealot  
  57  16:15  Zealot  
  29  16:49  Nexus  
Show
View Real Time Build Order
Export as new Build Order

A.I. 3 (Harder) Protoss 

Build Orders:  

Get SALT Encoding   

  12  0:01  Probe  
  13  0:13  Probe  
  14  0:21  Pylon  
  14  0:25  Probe  
  15  0:35  Probe  
  16  0:43  Probe  
  16  0:48  Assimilator  
  17  0:51  Gateway  
  17  0:53  Probe  
  18  1:01  Probe  
  18  1:03  Pylon  
  19  1:21  Probe  
  20  1:40  Zealot  
  20  1:42  Cybernetics Core  
  20  1:44  Gateway  
  22  1:47  Assimilator  
  22  2:01  Pylon  
  22  2:08  Adept  
  22  2:16  Warp Gate  
  24  2:30  Stalker  
  26  2:41  Zealot  
  28  2:45  Pylon  
  28  3:00  Stalker  
  30  3:08  Adept  
  32  3:24  Pylon  
  32  3:30  Adept  
  34  3:38  Stalker  
  36  3:46  Probe  
  37  3:58  Probe  
  37  4:00  Adept  
  40  4:07  Probe  
  40  4:09  Pylon  
  40  4:16  Probe, Zealot  
  43  4:19  Forge  
  44  4:25  Probe  
  45  4:36  Adept  
  45  4:37  Probe  
  48  4:47  Adept  
  50  4:57  Stalker  
  52  6:05  Protoss Ground Weapons Level 1  
  52  6:11  Sentry  
  54  6:14  Gateway  
  54  6:17  Pylon  
  54  6:19  Photon Cannon, Zealot  
  54  6:21  Nexus, Photon Cannon  
  54  6:24  Robotics Facility  
  56  6:25  Stargate  
  56  6:34  Stalker  
  58  6:42  Sentry  
  58  6:44  Pylon  
  60  6:57  Stalker  
  54  7:04  Zealot  
  46  7:12  Observer, Zealot  
  41  7:20  Adept  
  43  7:28  Zealot  
  45  7:34  Observer  
  45  7:36  Probe, Stalker  
  49  7:37  Probe  
  49  7:44  Stalker  
  52  7:48  Probe  
  52  7:49  Probe  
  54  7:52  Stalker  
  56  7:59  Stalker  
  56  8:00  Probe  
  56  8:01  Probe  
  56  8:02  Protoss Ground Armor Level 1  
  60  8:07  Stalker  
  60  8:11  Twilight Council  
  60  8:12  Probe  
  63  8:18  Probe  
  64  8:23  Sentry  
  64  8:24  Probe  
  67  8:30  Probe  
  67  8:31  Adept  
  70  8:36  Probe  
  71  8:42  Probe  
  71  8:45  Pylon  
  71  8:47  Pylon  
  71  8:48  Probe, Blink  
  72  8:54  Probe  
  74  8:56  Observer, Forge  
  74  9:08  Photon Cannon  
  74  9:16  Photon Cannon  
  74  9:25  Stalker x2  
  74  9:31  Assimilator  
  74  9:37  Assimilator  
  74  9:53  Probe  
  74  9:54  Probe  
  74  9:56  Stalker  
  74  10:02  Observer  
  74  10:04  Zealot  
  74  10:05  Probe  
  74  10:06  Probe  
  58  10:12  Zealot  
  51  10:20  Stalker  
  53  10:26  Sentry  
  55  10:30  Gateway, Nexus  
  55  10:32  Adept  
  57  10:42  Dark Shrine, Stalker  
  57  10:49  Adept  
  61  10:55  Zealot  
  63  10:59  Robotics Facility  
  63  11:01  Observer  
  64  11:05  Stalker  
  64  11:07  Void Ray  
  70  11:18  Stalker  
  70  11:25  Warp Prism, Stalker  
  76  11:31  Zealot  
  78  11:39  Observer  
  78  11:52  Assimilator  
  78  11:53  Dark Templar  
  80  11:57  Warp Prism, Assimilator  
  80  12:00  Dark Templar  
  85  12:01  Observer  
  85  12:07  Sentry  
  87  12:15  Sentry  
  87  12:16  Warp Prism  
  87  12:20  Void Ray  
  83  12:34  Sentry  
  85  12:44  Probe  
  85  12:47  Probe  
  85  12:49  Probe  
  88  12:56  Probe  
  89  12:59  Probe  
  89  13:00  Oracle  
  89  13:01  Probe  
  89  13:02  Sentry  
  76  13:09  Probe, Stalker  
  75  13:15  Zealot  
  75  13:16  Zealot  
  79  13:24  Stalker  
  79  13:26  Void Ray  
  77  13:32  Stalker  
  76  13:36  Stalker, Zealot  
  70  13:47  Zealot  
  56  13:55  Stalker  
  58  13:56  Zealot  
  58  13:59  Stalker  
  54  14:16  Stalker  
  55  14:18  Pylon  
  55  14:21  Sentry  
  55  14:39  Zealot  
  39  15:00  Pylon  
  39  15:05  Cybernetics Core  
Tags
 
Add a new tag
Caveats
  • Supply blocks, unpowered buildings, or Contaminate may cause inaccurate times.
  • Supply counts are checked every 10 seconds.